[ AOE2 MATCH · #507959715 ]
UnrankedHuns vs Vikings
Player's team · LOSS
Rival team · WIN
[ REPLAY ANALYSIS · EXTRACTED FROM THE RECORDED GAME ]
Feudal
9:22
Castle
31:49
Imperial
—
| APM avg | 36.9 |
| APM peak | 75 |
| eAPM avg | 20.3 |
| Villagers / military | 108 / 118 |
Focus
⚔️ 42.5% · 🌾 57.5%
Skirmisher ×41 · Spearman ×30 · Cavalry Archer ×26 · Archer ×14 · Knight ×3 · Mangonel ×2
Feudal
8:56
Castle
21:34
Imperial
43:24
| APM avg | 39.2 |
| APM peak | 94 |
| eAPM avg | 26.2 |
| Villagers / military | 151 / 88 |
Focus
⚔️ 23.2% · 🌾 76.8%
Knight ×38 · Skirmisher ×33 · Scout Cavalry ×9 · Battering Ram ×3 · Monk ×1 · Archer ×1
Match map
Initial resources + every placement click. Lines = walls · curves = elevation contours. ◆ gold · ⬟ stone · ● berries · ✦ relic · ◌ wall gap
Your base· Open — unwalled flank
Headhunter_GG's base· Open — unwalled flank
Smoothed initial terrain · ◌ = detected wall gap · hover for details
Inputs per minute
— 民办大A - - Headhunter_GG
Build order — 民办大A
First 150 of 330 actions detected
| 0:01 | Queue | Villager (Male) |
| 0:01 | Queue | Villager (Male) |
| 0:09 | Queue | Villager (Male) |
| 0:10 | Queue | Villager (Male) |
| 0:10 | Queue | Villager (Male) |
| 1:38 | Queue | Villager (Male) |
| 1:38 | Queue | Villager (Male) |
| 1:59 | Queue | Villager (Male) |
| 2:36 | Queue | Villager (Male) |
| 2:41 | Build | Lumber Camp |
| 3:02 | Queue | Villager (Male) |
| 3:02 | Queue | Villager (Male) |
| 3:03 | Queue | Villager (Male) |
| 3:03 | Queue | Villager (Male) |
| 3:48 | Queue | Villager (Male) |
| 3:49 | Queue | Villager (Male) |
| 3:49 | Queue | Villager (Male) |
| 3:50 | Queue | Villager (Male) |
| 4:18 | Queue | Villager (Male) |
| 4:18 | Queue | Villager (Male) |
| 4:37 | Build | Mill |
| 5:32 | Queue | Villager (Male) |
| 5:49 | Queue | Villager (Male) |
| 5:50 | Queue | Villager (Male) |
| 6:42 | Research | Loom |
| 7:03 | Research | Feudal Age |
| 8:34 | Build | Barracks |
| 8:50 | Build | Mill |
| 9:11 | Queue | Villager (Male) |
| 9:22 | Age | Feudal Age |
| 9:25 | Build | Archery Range |
| 9:26 | Queue | Spearman |
| 9:27 | Queue | Villager (Male) |
| 9:28 | Research | Double-Bit Axe |
| 9:50 | Queue | Villager (Male) |
| 9:56 | Build | Blacksmith |
| 10:02 | Queue | Skirmisher |
| 10:03 | Queue | Skirmisher |
| 10:08 | Queue | Villager (Male) |
| 10:36 | Build | Watch Tower |
| 10:39 | Queue | Villager (Male) |
| 10:50 | Research | Fletching |
| 11:12 | Build | Farm |
| 11:15 | Build | Farm |
| 11:26 | Queue | Skirmisher |
| 11:29 | Queue | Villager (Male) |
| 11:33 | Queue | Spearman |
| 12:06 | Queue | Villager (Male) |
| 12:27 | Queue | Villager (Male) |
| 12:30 | Build | Farm |
| 12:40 | Queue | Skirmisher |
| 12:48 | Build | Lumber Camp |
| 12:52 | Queue | Villager (Male) |
| 12:55 | Build | Farm |
| 13:13 | Queue | Skirmisher |
| 13:18 | Queue | Villager (Male) |
| 13:22 | Build | Mining Camp |
| 13:28 | Queue | Skirmisher |
| 13:36 | Queue | Skirmisher |
| 13:54 | Queue | Villager (Male) |
| 14:07 | Queue | Villager (Male) |
| 14:17 | Queue | Skirmisher |
| 14:22 | Research | Padded Archer Armor |
| 14:26 | Build | Farm |
| 14:28 | Build | Farm |
| 14:33 | Build | Farm |
| 14:38 | Queue | Skirmisher |
| 14:49 | Queue | Villager (Male) |
| 14:59 | Queue | Skirmisher |
| 15:05 | Build | Archery Range |
| 15:12 | Queue | Villager (Male) |
| 15:21 | Build | Farm |
| 15:26 | Queue | Villager (Male) |
| 15:27 | Queue | Villager (Male) |
| 15:33 | Queue | Skirmisher |
| 15:33 | Queue | Skirmisher |
| 15:46 | Queue | Skirmisher |
| 16:06 | Queue | Spearman |
| 16:08 | Queue | Villager (Male) |
| 16:13 | Build | Farm |
| 16:14 | Build | Farm |
| 16:17 | Build | Farm |
| 16:25 | Queue | Spearman |
| 17:17 | Queue | Skirmisher |
| 17:17 | Queue | Skirmisher |
| 17:30 | Queue | Villager (Male) |
| 17:32 | Queue | Spearman |
| 17:33 | Queue | Skirmisher |
| 17:34 | Queue | Skirmisher |
| 17:41 | Queue | Spearman |
| 17:54 | Queue | Skirmisher |
| 17:54 | Queue | Skirmisher |
| 18:06 | Queue | Skirmisher |
| 18:06 | Queue | Skirmisher |
| 18:10 | Queue | Spearman |
| 18:21 | Queue | Villager (Male) |
| 18:22 | Queue | Skirmisher |
| 18:24 | Build | Farm |
| 18:25 | Build | Farm |
| 18:37 | Queue | Spearman |
| 18:47 | Queue | Villager (Male) |
| 18:56 | Build | Watch Tower |
| 19:12 | Queue | Skirmisher |
| 19:22 | Queue | Villager (Male) |
| 19:26 | Build | Lumber Camp |
| 19:38 | Queue | Villager (Male) |
| 19:50 | Build | Stone Wall |
| 19:51 | Build | Stone Wall |
| 19:51 | Build | Stone Wall |
| 19:52 | Build | Stone Wall |
| 19:54 | Build | Stone Wall |
| 19:55 | Build | Stone Wall |
| 19:55 | Build | Stone Wall |
| 20:00 | Build | Stone Wall |
| 20:04 | Queue | Spearman |
| 20:08 | Queue | Villager (Male) |
| 20:11 | Queue | Skirmisher |
| 20:14 | Queue | Skirmisher |
| 20:16 | Queue | Villager (Male) |
| 20:23 | Build | Mining Camp |
| 20:36 | Queue | Villager (Male) |
| 20:42 | Queue | Skirmisher |
| 21:11 | Queue | Spearman |
| 21:15 | Build | Watch Tower |
| 21:21 | Queue | Spearman |
| 21:23 | Queue | Skirmisher |
| 21:23 | Queue | Skirmisher |
| 21:25 | Queue | Villager (Male) |
| 21:37 | Queue | Villager (Male) |
| 21:39 | Queue | Spearman |
| 21:41 | Research | Scale Mail Armor |
| 21:46 | Build | Watch Tower |
| 22:03 | Queue | Spearman |
| 22:13 | Queue | Spearman |
| 22:13 | Queue | Spearman |
| 22:15 | Queue | Spearman |
| 22:55 | Queue | Spearman |
| 22:57 | Queue | Skirmisher |
| 22:57 | Queue | Skirmisher |
| 23:04 | Queue | Villager (Male) |
| 23:11 | Queue | Spearman |
| 23:19 | Queue | Skirmisher |
| 23:19 | Queue | Skirmisher |
| 23:32 | Queue | Spearman |
| 23:45 | Queue | Spearman |
| 23:49 | Queue | Skirmisher |
| 23:49 | Queue | Skirmisher |
| 23:52 | Queue | Skirmisher |
| 23:52 | Queue | Skirmisher |
| 24:02 | Queue | Skirmisher |
Build order — Headhunter_GG
First 150 of 415 actions detected
| 0:01 | Queue | Villager (Male) |
| 0:02 | Build | House |
| 0:04 | Build | House |
| 0:08 | Queue | Villager (Male) |
| 0:09 | Queue | Villager (Male) |
| 0:09 | Queue | Villager (Male) |
| 1:28 | Queue | Villager (Male) |
| 2:03 | Queue | Villager (Male) |
| 2:25 | Queue | Villager (Male) |
| 2:25 | Queue | Villager (Male) |
| 2:49 | Queue | Villager (Male) |
| 2:49 | Queue | Villager (Male) |
| 3:17 | Queue | Villager (Male) |
| 3:17 | Queue | Villager (Male) |
| 3:24 | Build | House |
| 3:26 | Build | Lumber Camp |
| 3:46 | Queue | Villager (Male) |
| 3:46 | Queue | Villager (Male) |
| 3:47 | Queue | Villager (Male) |
| 4:13 | Queue | Villager (Male) |
| 5:24 | Queue | Villager (Male) |
| 5:32 | Build | Mill |
| 5:50 | Queue | Villager (Male) |
| 6:14 | Research | Loom |
| 6:46 | Research | Feudal Age |
| 7:35 | Build | Barracks |
| 8:04 | Build | Mill |
| 8:23 | Build | House |
| 8:45 | Queue | Villager (Male) |
| 8:56 | Age | Feudal Age |
| 8:56 | Queue | Spearman |
| 8:58 | Research | Double-Bit Axe |
| 8:59 | Research | Double-Bit Axe |
| 9:03 | Queue | Villager (Male) |
| 9:24 | Queue | Villager (Male) |
| 9:56 | Queue | Villager (Male) |
| 10:05 | Build | Archery Range |
| 10:14 | Queue | Villager (Male) |
| 10:49 | Queue | Archer |
| 10:54 | Build | Mining Camp |
| 10:58 | Build | House |
| 11:11 | Queue | Villager (Male) |
| 11:27 | Queue | Skirmisher |
| 11:51 | Queue | Villager (Male) |
| 12:11 | Build | Lumber Camp |
| 12:15 | Queue | Villager (Male) |
| 12:28 | Queue | Villager (Male) |
| 12:48 | Build | House |
| 13:11 | Build | Market |
| 13:15 | Build | Stable |
| 13:24 | Queue | Skirmisher |
| 13:33 | Queue | Villager (Male) |
| 13:55 | Queue | Scout Cavalry |
| 14:16 | Queue | Villager (Male) |
| 14:20 | Build | Farm |
| 14:21 | Build | Farm |
| 14:21 | Build | Farm |
| 14:21 | Build | Farm |
| 14:25 | Build | Farm |
| 14:30 | Queue | Scout Cavalry |
| 14:31 | Queue | Villager (Male) |
| 14:35 | Build | House |
| 14:36 | Build | House |
| 15:02 | Build | Farm |
| 15:04 | Build | Farm |
| 15:06 | Queue | Villager (Male) |
| 15:28 | Queue | Villager (Male) |
| 15:34 | Queue | Skirmisher |
| 15:47 | Build | Market |
| 15:55 | Queue | Scout Cavalry |
| 15:57 | Queue | Villager (Male) |
| 16:36 | Queue | Scout Cavalry |
| 16:37 | Queue | Villager (Male) |
| 16:38 | Queue | Skirmisher |
| 16:47 | Queue | Villager (Male) |
| 17:03 | Queue | Scout Cavalry |
| 17:25 | Queue | Villager (Male) |
| 17:29 | Build | House |
| 17:30 | Build | House |
| 17:31 | Build | House |
| 18:01 | Queue | Scout Cavalry |
| 18:39 | Build | Farm |
| 18:39 | Build | Farm |
| 18:40 | Build | Farm |
| 18:40 | Build | Farm |
| 18:40 | Build | Farm |
| 18:40 | Build | Farm |
| 18:41 | Build | Farm |
| 18:41 | Build | Farm |
| 18:54 | Research | Castle Age |
| 18:57 | Queue | Skirmisher |
| 19:30 | Queue | Scout Cavalry |
| 19:36 | Build | Stable |
| 20:00 | Build | Mining Camp |
| 20:02 | Queue | Scout Cavalry |
| 20:10 | Queue | Scout Cavalry |
| 20:22 | Build | Blacksmith |
| 20:43 | Queue | Skirmisher |
| 21:34 | Queue | Villager (Male) |
| 21:34 | Age | Castle Age |
| 21:35 | Queue | Knight |
| 21:35 | Queue | Knight |
| 21:39 | Queue | Skirmisher |
| 21:57 | Queue | Knight |
| 21:57 | Queue | Knight |
| 21:58 | Queue | Villager (Male) |
| 21:58 | Queue | Villager (Male) |
| 22:21 | Queue | Cavalry Archer |
| 22:23 | Queue | Villager (Male) |
| 23:09 | Queue | Villager (Male) |
| 23:09 | Queue | Villager (Male) |
| 23:21 | Build | Monastery |
| 23:22 | Queue | Villager (Male) |
| 23:22 | Queue | Villager (Male) |
| 23:26 | Research | Bow Saw |
| 23:35 | Build | Town Center |
| 23:51 | Queue | Skirmisher |
| 23:55 | Queue | Knight |
| 23:55 | Queue | Knight |
| 24:04 | Queue | Skirmisher |
| 24:12 | Queue | Knight |
| 24:35 | Queue | Knight |
| 24:35 | Queue | Knight |
| 24:36 | Queue | Villager (Male) |
| 25:00 | Queue | Villager (Male) |
| 25:23 | Queue | Villager (Male) |
| 25:23 | Queue | Villager (Male) |
| 25:39 | Queue | Villager (Male) |
| 25:39 | Queue | Villager (Male) |
| 25:40 | Queue | Villager (Male) |
| 25:51 | Queue | Knight |
| 25:51 | Queue | Knight |
| 25:51 | Queue | Knight |
| 26:10 | Queue | Villager (Male) |
| 26:10 | Queue | Villager (Male) |
| 26:18 | Queue | Monk |
| 26:47 | Queue | Villager (Male) |
| 26:48 | Queue | Villager (Male) |
| 26:48 | Queue | Villager (Male) |
| 26:52 | Queue | Knight |
| 26:52 | Queue | Knight |
| 26:53 | Queue | Villager (Male) |
| 26:59 | Queue | Villager (Male) |
| 27:00 | Queue | Villager (Male) |
| 27:42 | Build | Town Center |
| 27:51 | Queue | Villager (Male) |
| 27:51 | Queue | Villager (Male) |
| 27:52 | Queue | Villager (Male) |
| 28:00 | Queue | Knight |
| 28:00 | Queue | Knight |
Match timeline
| 7:35 | Headhunter_GG · first_building Barracks |
| 8:34 | 民办大A · first_building Barracks |
| 8:56 | Headhunter_GG · age_up feudal |
| 9:22 | 民办大A · age_up feudal |
| 9:25 | 民办大A · first_building Archery Range |
| 10:05 | Headhunter_GG · first_building Archery Range |
| 13:15 | Headhunter_GG · first_building Stable |
| 18:17 | Headhunter_GG · first_market_sell 100 wood |
| 18:20 | Headhunter_GG · first_market_buy 100 food |
| 19:50 | 民办大A · wall_segment Stone Wall x1 |
| 19:51 | 民办大A · wall_segment Stone Wall x1 |
| 19:51 | 民办大A · wall_segment Stone Wall x1 |
| 19:52 | 民办大A · wall_segment Stone Wall x1 |
| 19:54 | 民办大A · wall_segment Stone Wall x1 |
| 19:55 | 民办大A · wall_segment Stone Wall x1 |
| 19:55 | 民办大A · wall_segment Stone Wall x1 |
| 20:00 | 民办大A · wall_segment Stone Wall x1 |
| 21:34 | Headhunter_GG · age_up castle |
| 23:21 | Headhunter_GG · first_building Monastery |
| 29:40 | 民办大A · wall_segment Palisade Wall x5 |
| 29:55 | 民办大A · wall_segment Palisade Wall x1 |
| 30:17 | Headhunter_GG · first_building Siege Workshop |
| 30:46 | 民办大A · first_building Stable |
| 30:48 | 民办大A · wall_segment Stone Wall x1 |
| 30:49 | 民办大A · wall_segment Stone Wall x1 |
| 30:51 | 民办大A · wall_segment Stone Wall x1 |
| 30:54 | 民办大A · wall_segment Stone Wall x1 |
| 30:56 | 民办大A · wall_segment Stone Wall x1 |
| 31:49 | 民办大A · age_up castle |
| 35:16 | 民办大A · first_building Castle |
| 36:13 | 民办大A · first_building Siege Workshop |
| 37:55 | 民办大A · first_market_sell 500 wood |
| 41:05 | Headhunter_GG · first_building Castle |
| 43:24 | Headhunter_GG · age_up imperial |
| 43:32 | 民办大A · resign |
[ AI ANALYSIS · 1 CREDIT ]
What really happened in this match?
Wolo.gg analyzes every decision: build order, eco, micro, common mistakes by bracket. Personalized analysis on WhatsApp or Discord in 30 seconds.
Civ guide
Huns
Perfil
Jugador #11440373